 Dungeon Crawl Stone Soup version 0.30.1-9-gdf580d7c3d (webtiles) character file.

Game seed: 14994237096609922226

55859 pkoi the Destroyer (level 14, -9/118 HPs)
             Began as a Green Draconian Conjurer on Oct 16, 2023.
             Was an Initiate of Gozag.
             Killed from afar by Azrael (33 damage)
             ... with damnation
             ... on level 12 of the Dungeon on Oct 17, 2023.
             The game lasted 01:00:46 (26392 turns).

pkoi the Destroyer (Green Draconian Conjurer)      Turns: 26392, Time: 01:00:48

Health: -9/118     AC: 14    Str: 16    XL:     14   Next: 39%
Magic:  5/23       EV: 15    Int: 28    God:    Gozag
Gold:   1458       SH:  0    Dex: 12    Spells: 9/25 levels left

rFire   + + +        R - +5 spear "Dodot" {venom, rC+ rCorr}
rCold   + . .        (no shield)
rNeg    . . .        (body armour unavailable)
rPois   +            (helmet restricted)
rElec   .            o - +0 cloak
rCorr   +            (no gloves)
SInv    +            O - +0 pair of boots
Will    +....        n - amulet "Vataonod" {RegenMP Dex+2}
Stlth   +++          N - +4 ring of protection
HPRegen 0.39/turn    b - ring "Eclyacim" {Drain rF+++ Str+6 Int+5 SInv}
MPRegen 0.58/turn

%: no passive effects
@: no status effects
A: breathe noxious fumes, AC +8, unfitting armour, stinger 1, poison resistance,
cold-blooded
a: Breathe Noxious Fumes, Renounce Religion, Potion Petition, Call Merchant,
Bribe Branch


You were on level 12 of the Dungeon.
You worshipped Gozag.
Gozag was most pleased with you.
You visited 4 branches of the dungeon, and saw 19 of its levels.
You also visited: Sewer.

You collected 5202 gold pieces.
You spent 190 gold pieces at shops.
You paid 3554 gold pieces to Gozag.

Inventory:

Hand Weapons
 k - a +0 spectral quarterstaff
 R - the +5 spear "Dodot" (weapon) {venom, rC+ rCorr}
   (You found it on level 11 of the Dungeon)

   rC:        It protects you from cold.
   rCorr:     It protects you from acid and corrosion.
Missiles
 C - 5 throwing nets
Armour
 o - a +0 cloak (worn)
 O - a +0 pair of boots (worn)
Jewellery
 b - the ring "Eclyacim" (right hand) {Drain rF+++ Str+6 Int+5 SInv}
   (You acquired it on level 7 of the Dungeon)

   [ring of strength]

   Str:       It affects your strength (+6).
   Int:       It affects your intelligence (+5).
   rF:        It renders you almost immune to fire.
   SInv:      It lets you see invisible.
   Drain:     It drains your maximum health when unequipped.
 e - a ring of flight
 m - an amulet of the acrobat
 n - the amulet "Vataonod" (around neck) {RegenMP Dex+2}
   (You bought it in a shop on level 1 of the Lair of Beasts)

   [amulet of magic regeneration]

   It increases your rate of magic regeneration.
   Dex:       It affects your dexterity (+2).
 u - a ring of ice
 H - a ring of willpower
 N - a +4 ring of protection (left hand)
Wands
 p - a wand of quicksilver (7)
 x - a wand of polymorph (5)
 D - a wand of mindburst (24)
 F - a wand of flame (9)
 I - a wand of paralysis (14)
 J - a wand of digging (9)
 K - a wand of iceblast (29)
Scrolls
 f - 3 scrolls of fear
 g - 2 scrolls of enchant armour
 h - 5 scrolls of blinking
 j - 9 scrolls of teleportation
 s - 2 scrolls of fog
 v - 3 scrolls of magic mapping
 w - 2 scrolls of silence
 y - 2 scrolls of poison
 B - a scroll of amnesia
 E - a scroll of brand weapon
 G - a scroll of butterflies
 P - a scroll of identify
 Q - a scroll of enchant weapon
Potions
 a - 3 potions of magic
 c - 6 potions of curing
 d - a potion of ambrosia
 i - 6 potions of heal wounds
 l - 8 potions of invisibility
 q - 4 potions of haste
 r - 6 potions of might
 t - 4 potions of flight
 z - 2 potions of lignification
 A - 2 potions of brilliance
 L - a potion of resistance {unknown}
 M - a potion of attraction {unknown}


   Skills:
 - Level 9.0 Fighting
 - Level 3.0 Staves
 - Level 9.0 Dodging
 - Level 6.7 Stealth
 - Level 6.0 Spellcasting
 + Level 10.7 Conjurations
 - Level 6.0 Hexes
 - Level 6.0 Translocations
 - Level 6.0 Transmutations
 - Level 9.0 Fire Magic
 + Level 8.8 Air Magic
 - Level 9.0 Poison Magic


You had 9 spell levels left.
You knew the following spells:

 Your Spells              Type           Power      Damage    Failure   Level
a - Magic Dart            Conj           100%       1d8       1%          1
b - Searing Ray           Conj           100%       2d8       1%          2
c - Iskenderun's Mystic   Conj/Tloc      53%        2d11      1%          4
d - Ignite Poison         Fire/Tmut/Pois 52%        N/A       1%          3
e - Poisonous Vapours     Pois/Air       100%       N/A       1%          2
f - Fulminant Prism       Conj/Hex       26%        3d13      1%          4

Your spell library contained the following spells:

 Spells                   Type           Power      Damage    Failure   Level
 Kiss of Death            Conj/Necr      100%       2d13      1%          1
 Cigotuvi's Dreadful Rot  Necr/Pois/Air  82%        N/A       1%          2
 Static Discharge         Conj/Air       100%       2-7/arc   1%          2
 Confusing Touch          Hex            42%        N/A       1%          3
 Dazzling Flash           Conj/Hex       100%       N/A       1%          3
 Hailstorm                Conj/Ice       38%        3d9       1%          3
 Mephitic Cloud           Conj/Pois/Air  58%        N/A       1%          3
 Airstrike                Air            27%        2d(4-20)  1%          4
 Sticky Flame             Conj/Fire      59%        2d7       1%          4
 Iskenderun's Battlesphe  Conj           62%        2d11      1%          5
 Cause Fear               Hex            21%        N/A       4%          4
 Summon Lightning Spire   Summ/Air       33%        N/A       10%         4
 Freezing Cloud           Conj/Ice/Air   22%        6-21      12%         5
 Ice Form                 Ice/Tmut       25%        N/A       17%         4
 Dispel Undead            Necr           8%         3d8       52%         4
 Dragon Form              Tmut           21%        N/A       99%         7
 Ignition                 Fire           28%        3d9       100%        8
 Dragon's Call            Summ           4%         N/A       100%        9
 Simulacrum               Ice/Necr       Unusable   N/A       N/A         6

Dungeon Overview and Level Annotations

Branches:
Dungeon (12/15)            Temple (1/1) D:6            Lair (5/5) D:10
  Swamp (0/4) Lair:2       Spider (1/4) Lair:3        Slime (0/5) Lair:4
    Orc (0/2) D:11          Sewer (visited)

Altars:
Ashenzari
Cheibriados
Dithmenos
Elyvilon
Fedhas
Gozag
Hepliaklqana
Kikubaaqudgha
Makhleb
Nemelex Xobeh
Okawaru
Qazlal
Ru
Sif Muna
Trog
Uskayaw
Vehumet
Wu Jian
Xom
Yredelemnul
Zin
The Shining One
Jiyva

Shops:
D:7 [   D:9 **   Lair:1 *   Lair:5 *

Annotations:
D:12 Azrael
Lair:5 2 runed translucent doors


Innate Abilities, Weirdness & Mutations

You can breathe blasts of noxious fumes.
Your lurid green scales are hard. (AC +8)
You cannot fit into any form of body armour.
Your tail ends in a venomous barb.
Your system is resistant to poisons. (rPois)
You are cold-blooded and may be slowed by cold attacks.


Message History

Things that are here:
a +0 halberd; a boomerang; a +0 chain mail
There is an open door here.
Casting: Iskenderun's Mystic Blast (mildly dangerous; 1% risk of failure)
Confirm with . or Enter, or press ? or * to list all spells.
Aiming: Fulminant Prism (mildly dangerous; 1% risk of failure)
Press: ? - help, Dir - move target You conjure a prism of explosive energy!
A fulminant prism comes into view.
Your fulminant prism crackles loudly.
Azrael gestures at you.
The sphere of damnation explodes!
The damnation engulfs you!!!
The wraith is distracted by your dazzling golden aura.
Your fulminant prism explodes!
The blast of energy engulfs Azrael!
Azrael is severely wounded.
You hear a bark!
You hear a shout!
You hear a bellow!
You hear an angry buzzing noise. x4; You hear a shout! x3
There is a fountain of clear blue water here.
Unknown command.
Azrael gestures at you. The bolt of fire misses you. Azrael gestures at you.
The sphere of damnation explodes!
The damnation engulfs you!
You hear a bark!
You see here a +0 long sword.
There is an open door here.
Azrael gestures at you.
The sphere of damnation explodes!
The damnation engulfs you!
* * * LOW HITPOINT WARNING * * *
Casting: Fulminant Prism (mildly dangerous; 1% risk of failure)
Confirm with . or Enter, or press ? or * to list all spells.
Aiming: Fulminant Prism (mildly dangerous; 1% risk of failure)
Press: ? - help, Dir - move target You conjure a prism of explosive energy!
A fulminant prism comes into view.
Azrael gestures at you.
The sphere of damnation explodes!
The damnation engulfs you!!
You die...
Your body crumbles into a pile of gold.

#.#....~~~~~~~~~~~
#.#....~~~~~~~~~~~
#.#####~~~~~~)~~~~ #.#
#..~~~~~~~~~~ ###.#
#.##~~~~~~~~# $
#...####'###~~~~~...
#.#.........#~~~~...
#.#.###.....##~~#...
#.#@# #.....######.#
#...###.....# #.#
##+##....######## #.#
#...#*...# #.#
#.⌠.'....# #.#
#..)#....# #.#
#..R##+###############.#
#...○...#...#.......##.#
$
#.⌠...⌠.R)..'W......##..


You could see Azrael (ally target) and a friendly fulminant prism.

Vanquished Creatures
  Fannar (Lair:3)
  A rakshasa (D:12)
  4 hydras
  Harold (Lair:1)
  2 boulder beetles
  3 two-headed ogres
  A pharaoh ant (Lair:3)
  2 skysharks
  2 deep elf pyromancers (D:12)
  A lindwurm (Lair:5)
  2 ugly things
  2 oklob plants (Lair:4)
  2 manticores
  15 elephants
  5 black mambas
  3 molten gargoyles (Lair:5)
  3 gargoyles
  14 cane toads
  8 komodo dragons
  3 rime drakes
  4 polar bears
  3 trolls (D:12)
  2 hornets
  2 tarantellas
  13 blink frogs
  10 dream sheep
  Prince Ribbit (D:6)
  2 jumping spiders (Lair:3)
  A water elemental (D:11)
  3 slime creatures (D:12)
  11 wyverns
  49 yaks
  6 basilisks
  A fire elemental (D:11)
  A warg (D:11)
  Grum (D:10)
  3 acid dragons
  5 hell hounds
  19 water moccasins
  A sky beast (D:7)
  4 ice beasts
  A black bear (D:7)
  6 orc warriors
  2 ogres
  6 centaurs
  20 wolves
  A phantom (D:6)
  5 kobold brigands
  A gnoll sergeant (D:9)
  4 scorpions
  11 bullfrogs
  17 wights
  3 jellies
  11 killer bees
  3 electric eels (D:12)
  4 howler monkeys
  5 lava snakes (Lair:5)
  7 orc priests
  A gnoll bouda (D:6)
  4 hounds
  4 sleepcaps
  Jessica (D:2)
  Natasha (twice) (D:4)
  5 iguanas
  12 orc wizards
  13 gnolls
  3 river rats (D:3)
  6 adders
  A shadow imp (D:7)
  2 white imps
  An ufetubus (D:6)
  3 worms
  55 orcs
  6 ball pythons
  8 endoplasms
  3 giant cockroaches
  3 goblins
  2 hobgoblins (D:1)
  5 jackals
  5 quokkas
  5 bats
  2 frilled lizards
  26 kobolds
  15 rats
  A butterfly (Lair:5)
518 creatures vanquished.

Vanquished Creatures (others)
  A water elemental (D:12)
  An electric eel (D:12)
  75 fulminant prisms
77 creatures vanquished.

Grand Total: 595 creatures vanquished

Notes
Turn   | Place    | Note
-------+----------+-------------------------------------------
     0 | D:1      | pkoi the Draconian Conjurer began the quest for the Orb.
     0 | D:1      | Reached XP level 1. HP: 14/14 MP: 3/3
   365 | D:1      | Reached XP level 2. HP: 20/20 MP: 1/5
  1252 | D:2      | Reached skill level 5 in Conjurations
  1254 | D:2      | Reached XP level 3. HP: 26/26 MP: 2/6
  1314 | D:2      | Noticed Jessica
  1318 | D:2      | Killed Jessica
  1509 | D:2      | Reached XP level 4. HP: 33/33 MP: 2/7
  1685 | D:2      | Identified the +7 hand axe of Unpleasantness {heavy, rElec
                  | rPois}
  1840 | D:2      | You are sucked into a shaft and drop 2 floors!
  2016 | D:3      | Found a blossoming altar of Fedhas.
  2031 | D:3      | Learned a level 2 spell: Searing Ray
  2036 | D:3      | Learned a level 4 spell: Iskenderun's Mystic Blast
  2063 | D:3      | Reached skill level 6 in Conjurations
  2181 | D:3      | Reached skill level 1 in Translocations
  2181 | D:3      | Reached XP level 5. HP: 19/38 MP: 4/8
  2194 | D:3      | Found a glowing drain.
  2203 | Sewer    | Entered a sewer
  2678 | Sewer    | Reached XP level 6. HP: 22/46 MP: 10/10
  3451 | D:3      | Reached skill level 1 in Fighting
  3592 | D:3      | Reached skill level 1 in Staves
  4065 | D:4      | Noticed Natasha
  4076 | D:4      | Killed Natasha
  4151 | D:4      | Your scales start taking on a lurid green colour.
  4151 | D:4      | Reached XP level 7. HP: 53/53 MP: 6/11
  4151 | D:4      | Gained mutation: Your system is resistant to poisons.
                  | (rPois) [Green Draconian growth]
  4192 | D:4      | Learned a level 3 spell: Ignite Poison
  4327 | D:4      | Noticed Natasha
  4336 | D:4      | Killed Natasha
  4417 | D:5      | Entered Level 5 of the Dungeon
  4421 | D:5      | Reached skill level 1 in Poison Magic
  4597 | D:5      | Reached skill level 1 in Transmutations
  4681 | D:5      | Reached skill level 1 in Fire Magic
  5979 | D:6      | Reached XP level 8. HP: 35/62 MP: 13/13
  6227 | D:6      | Found a staircase to the Ecumenical Temple.
  6443 | D:6      | Noticed Prince Ribbit
  6454 | D:6      | Killed Prince Ribbit
  7122 | Temple   | Entered the Ecumenical Temple
  7351 | Temple   | Became a worshipper of Gozag Ym Sagoz the Greedy
  7509 | D:6      | Reached XP level 9. HP: 56/69 MP: 12/16
  7520 | D:6      | Reached skill level 5 in Spellcasting
  7654 | D:6      | Reached skill level 5 in Poison Magic
  7750 | D:7      | Identified a scroll of acquirement
  7906 | D:7      | Found Keaggoiq's Antique Armour Shoppe.
  8523 | D:7      | Found a hide-covered altar of Uskayaw.
  8759 | D:7      | Found a shadowy altar of Dithmenos.
  8868 | D:7      | Reached skill level 5 in Transmutations
  8868 | D:7      | Reached skill level 5 in Fire Magic
  8976 | D:7      | Learned a level 2 spell: Poisonous Vapours
  9037 | D:8      | Found a sparkling altar of Nemelex Xobeh.
  9117 | D:8      | Reached skill level 1 in Air Magic
  9239 | D:8      | Found a shimmering altar of Xom.
  9242 | D:8      | Found a white marble altar of Elyvilon.
  9245 | D:8      | Found a broken altar of Ashenzari.
  9248 | D:8      | Found an iron altar of Okawaru.
  9607 | D:8      | Reached XP level 10. HP: 77/77 MP: 19/19
 10821 | D:9      | Found an ancient bone altar of Kikubaaqudgha.
 11899 | D:9      | Reached skill level 5 in Translocations
 12298 | D:9      | Acquired the ring "Eclyacim" {Drain rF+++ Str+6 Int+5 SInv}
 12609 | D:10     | Entered Level 10 of the Dungeon
 12609 | D:10     | Noticed a purple ugly thing
 12647 | D:10     | Noticed a two-headed ogre
 12649 | D:10     | Noticed a gargoyle
 12812 | D:10     | Killed a two-headed ogre
 12872 | D:9      | Reached XP level 11. HP: 69/84 MP: 11/20
 13113 | D:9      | Learned a level 4 spell: Fulminant Prism
 13414 | D:10     | Killed a purple ugly thing
 13415 | D:10     | Reached skill level 1 in Hexes
 13648 | D:10     | Found a staircase to the Lair.
 13732 | D:10     | Reached skill level 5 in Fighting
 13854 | D:10     | Noticed a two-headed ogre
 13857 | D:10     | Killed a two-headed ogre
 14391 | D:10     | Noticed Grum
 14402 | D:10     | Killed Grum
 14403 | D:10     | Reached skill level 5 in Dodging
 14826 | D:10     | Reached skill level 5 in Stealth
 15055 | D:11     | Found a staircase to the Orcish Mines.
 15202 | D:11     | Noticed a white ugly thing
 15207 | D:11     | Killed a white ugly thing
 15523 | D:11     | Identified the +5 spear "Dodot" {venom, rC+ rCorr}
 15574 | Lair:1   | Entered Level 1 of the Lair of Beasts
 16429 | Lair:1   | Noticed Harold
 16484 | Lair:1   | Reached XP level 12. HP: 89/97 MP: 17/21
 16620 | Lair:1   | Killed Harold
 16987 | Lair:1   | Reached skill level 5 in Hexes
 17757 | Lair:2   | Noticed a five-headed hydra
 17883 | Lair:1   | Bought a slimy silver amulet for 130 gold pieces
 17883 | Lair:1   | Identified the amulet "Vataonod" {RegenMP Dex+2} (You
                  | bought it in a shop on level 1 of the Lair of Beasts)
 18680 | Lair:2   | Killed a five-headed hydra
 18681 | Lair:2   | Reached skill level 7 in Conjurations
 18841 | Lair:2   | Found a staircase to the Swamp.
 19390 | Lair:3   | Noticed a boulder beetle
 19396 | Lair:3   | Killed a boulder beetle
 19457 | Lair:3   | Noticed a six-headed hydra
 19657 | Lair:3   | Killed a six-headed hydra
 19755 | Lair:3   | Noticed a six-headed hydra
 19767 | Lair:3   | Killed a six-headed hydra
 19829 | Lair:3   | Got the Papyrus of Destruction and the Hornet
 19830 | Lair:3   | Noticed Fannar
 19835 | Lair:3   | Killed Fannar
 19836 | Lair:3   | Reached XP level 13. HP: 106/108 MP: 18/22
 20205 | Lair:3   | Found a hole to the Spider Nest.
 20638 | Lair:4   | Found a viscous altar of Jiyva.
 20638 | Lair:4   | Found a staircase to the Slime Pits.
 20970 | Lair:4   | Reached skill level 5 in Air Magic
 21126 | Lair:4   | Reached skill level 8 in Conjurations
 21477 | Lair:4   | Found a blossoming altar of Fedhas.
 21734 | Lair:5   | Entered Level 5 of the Lair of Beasts
 22412 | Lair:5   | Bought a potion of heal wounds for 60 gold pieces
 22424 | Lair:5   | Reached skill level 9 in Conjurations
 23155 | Lair:5   | Gained mutation: Your tail ends in a venomous barb. [Green
                  | Draconian growth]
 23155 | Lair:5   | Reached XP level 14. HP: 107/118 MP: 21/23
 24119 | Lair:5   | Found a large runed translucent door.
 24119 | Lair:5   | Found a large runed translucent door.
 24584 | Spider:1 | Entered Level 1 of the Spider Nest
 24595 | Spider:1 | Noticed an emperor scorpion
 24673 | D:11     | Reached skill level 10 in Conjurations
 24951 | D:12     | Noticed Azrael
 26392 | D:12     | Killed from afar by Azrael

Illustrated notes

Levels and vault maps discovered:
D:1:      onia_arrival_handbag, layout_basic, st_stairs_1, grunt_decor_arrowhead
D:2:      layout_basic, kennysheep_jessica_study
D:3:      layout_basic, fedhas_altar_2, portal_sewer_entry_e
D:4:      layout_rooms, uniq_natasha
D:5:      layout_basic
D:6:      layout_gridville, minmay_temple_entry_tees, uniq_prince_ribbit1
D:7:      layout_gridville, nicolae_uskayaw_murder_on_the_dancefloor,
          grunt_dithmenos_shadows, serial_shops, nicolae_shop_hallway_plus,
          nrook_mini_vaults
D:8:      layout_cave_pods, nemelex_spade_bored_becter,
          grunt_temple_overflow_cloverleaf, hangedman_decor_opposing,
          minmay_fractal_squares_diagonal_5
D:9:      layout_roguey [special_room_orc], lemuel_doored_altar
D:10:     layout_long_grid, minmay_lair_entry_grove, uniq_grum
D:11:     layout_rooms, david_orc_3
D:12:     nicolae_aperiodic_l_corner, layout_basic, serial_shops,
          kennysheep_little_box, dk_vineyard_3, grunt_potential, uniq_azrael,
          uniq_kirke, uniq_nessos, uniq_nergalle
Temple:   nicolae_temple_figure_eight
Lair:1:   layout_loops_ring, cheibrodos_lair_caveside_slide, grunt_megastairs_5,
          uniq_harold
Lair:2:   layout_cellular_growth, swamp_mist, grunt_megastairs_3,
          lemuel_fruit_tree, serial_bayou_shore_b, infiniplex_staircase_pool_2
Lair:3:   layout_loops_ring, nicolae_spider_entry_lesser_pyramids, uniq_fannar
Lair:4:   layout_regular_city, slime_entry_1, hangedman_tree_tricks,
          lemuel_fruit_fields
Lair:5:   cheibrodos_lair_end_hotspot, layout_regular_city, st_stairs_5,
          lemuel_fruit_fields
Spider:1: layout_spider_delve, hellmonk_test_site,
          hangedman_spider_tarantella_strand

Skill      XL: |  1  2  3  4  5  6  7  8  9 10 11 12 13 14 |
---------------+-------------------------------------------+-----
Conjurations   | 5 6 7 9 10 | 10.7
Translocations | 1 2 3 6 |  6.0
Dodging        | 2 3 5 7 9 |  9.0
Fighting       | 1 2 3 4 6 8 9 |  9.0
Spellcasting   | 3 4 6 |  6.0
Staves         | 1 2 3 |  3.0
Poison Magic   | 2 4 6 9 |  9.0
Transmutations | 1 3 5 6 |  6.0
Fire Magic     | 1 3 5 6 7 8 9 |  9.0
Air Magic      | 1 3 4 7 8 |  8.8
Stealth        | 2 5 6 |  6.7
Hexes          | 4 6 |  6.0

Action                     |  1- 3 |  4- 6 |  7- 9 | 10-12 | 13-15 || total
---------------------------+-------+-------+-------+-------+-------++-------
  Melee: Unarmed           |    12 |       |       |     2 |       ||    14
         Tailslap          |     2 |     6 |    21 |    36 |    15 ||    80
         Hand axe          |       |    26 |       |       |       ||    26
         Quarterstaff      |       |    50 |    54 |   153 |       ||   257
         Dagger            |       |       |    87 |    47 |       ||   134
         Punch             |       |       |     1 |     2 |       ||     3
         Spear             |       |       |       |    72 |    72 ||   144
   Cast: Magic Dart        |    59 |    92 |   205 |   118 |    35 ||   509
         Searing Ray       |       |     1 |    13 |       |       ||    14
         Ignite Poison     |       |       |    14 |   102 |    67 ||   183
         Poisonous Vapours |       |       |       |   115 |   118 ||   233
         Iskenderun's Myst |       |       |       |     9 |    52 ||    61
         Fulminant Prism   |       |       |       |     6 |    70 ||    76
 Invoke: Call Merchant     |       |       |       |     3 |     1 ||     4
Ability: Breathe Noxious F |       |       |    12 |    33 |     6 ||    51
    Use: Scroll            |       |    10 |       |    15 |     1 ||    26
         Potion            |       |     2 |       |       |     1 ||     3
   Stab: Confused          |       |       |     1 |       |       ||     1
         Sleeping          |       |       |       |     2 |       ||     2
         Distracted        |       |       |       |     1 |       ||     1
 Armour: Skin              |     4 |    15 |    32 |   139 |    54 ||   244
  Dodge: Dodged            |     9 |    59 |   172 |   338 |   125 ||   703
